 Dungeon Crawl Stone Soup version 0.31-a0-618-g7ca08c1ff9 (webtiles) character file.

Game seed: 10110820421291445431

30 subawu the Firebug (level 3, -1/24 HPs)
             Began as a Demonspawn Fire Elementalist on Aug 21, 2023.
             Killed from afar by Ijyb (15 damage)
             ... with a bolt of dispelling energy
             ... on level 3 of the Dungeon on Aug 22, 2023.
             The game lasted 00:16:05 (2547 turns).

subawu the Firebug (Demonspawn Fire Elementalist)   Turns: 2547, Time: 00:16:06

Health: -1/24      AC:  6    Str: 10    XL:     3   Next: 3%
Magic:  5/6        EV:  8    Int: 16    God:
Gold:   66         SH:  0    Dex: 13    Spells: 3/6 levels left

rFire   . . .        x - +0 spear
rCold   . . .        (no shield)
rNeg    . . .        z - +0 scale mail
rPois   .            (no helmet)
rElec   .            (no cloak)
rCorr   .            (no gloves)
SInv    .            (no boots)
Will    .....        (no amulet)
Stlth   +            (no ring)
HPRegen 0.24/turn    (no ring)
MPRegen 0.10/turn

%: no passive effects
@: no status effects
A: demonic guardian 1
a: no special abilities


You were on level 3 of the Dungeon.
You visited 1 branch of the dungeon, and saw 5 of its levels.

You collected 66 gold pieces.

Inventory:

Hand Weapons
 d - a +0 dagger
 e - a +0 short sword
 h - a +0 sling
 i - a +0 dagger
 v - a +0 hand axe
 x - a +0 spear (weapon)
 A - a +0 long sword
Missiles
 f - 44 stones
 l - 4 poisoned darts (quivered)
 n - 6 javelins
 o - 4 large rocks
Armour
 a - a +0 robe
 z - a +0 scale mail (worn)
Jewellery
 y - an amulet of guardian spirit
 B - the ring "Put-Me-On" {rPois Str+5 SInv}
   (You found it on level 3 of the Dungeon)

   [ring of poison resistance]

   Str+5:     It affects your strength (+5).
   rPois:     It protects you from poison SInv: It lets you see invisible.
Talismans
 m - a serpent talisman
 t - a serpent talisman
Scrolls
 c - 3 scrolls of identify
 j - 2 scrolls of torment
 r - a scroll of blinking {unknown}
 w - a scroll of fear {unknown}
Potions
 b - a potion of magic
 g - a potion of might
 k - 2 potions of heal wounds {unknown}
 s - a potion of degeneration {unknown}
 u - 2 potions of enlightenment {unknown}


   Skills:
 + Level 2.1 Dodging
 + Level 2.1 Stealth
 + Level 2.3 Spellcasting
 + Level 1.5 Conjurations
 + Level 2.9 Fire Magic


You had 3 spell levels left.
You knew the following spells:

 Your Spells              Type           Power      Damage    Failure   Level
a - Foxfire               Conj/Fire      36%        2x1d5     50%         1
b - Scorch                Fire           22%        2d5       54%         2

Your spell library contained the following spells:

 Spells                   Type           Power      Damage    Failure   Level
 Inner Flame              Hex/Fire       6%         N/A       94%         3
 Volatile Blastmotes      Fire/Tloc      12%        2d11      94%         3
 Flame Wave               Conj/Fire      9%         2d6       99%         4
 Conjure Ball Lightning   Conj/Air       2%         3x3d6     100%        6
 Discord                  Hex            0%         N/A       100%        8
 Disjunction              Tloc           0%         N/A       100%        8


Dungeon Overview and Level Annotations

Branches:
Dungeon (5/15)
 Temple: D:4-7

Altars:

Shops:
D:1 :

Annotations:
D:3 Ijyb, Sigmund


Innate Abilities, Weirdness & Mutations

A weak demonic guardian rushes to your aid.


Message History

Your quasit claws the kobold.
The kobold dies!
You have reached level 3!
Your experience leads to an increase in your attributes!
Increase (S)trength, (I)ntelligence, or (D)exterity?
You feel stronger. x2
You start resting.
Your magical contamination has completely faded away.
Your quasit disappears in a puff of smoke!
You see here a +0 club.
A kobold comes into view. It is wielding a +0 dagger.
Found 9 stones.
Found 15 gold pieces.
A kobold is nearby!
The kobold barely misses you.
You closely miss the kobold. You punch the kobold.
The kobold is moderately wounded.
The kobold closely misses you. The kobold hits you with a +0 dagger.
You hit the kobold.
You kill the kobold!
B - the ring "Put-Me-On" {rPois Str+5 SInv} You see here a +0 dagger.
Ijyb the Twisted Goblin comes into view.
She is wielding a +0 club and carrying a wand of quicksilver.
Ijyb screams, "I dance on your bones!"
Ijyb moves out of view.
You start resting.
Ijyb is nearby!
You see here a +0 dagger.
Ijyb is nearby!
As you read the scroll labelled WIOJEBLEHEF, it crumbles to dust.
You feel aware of your surroundings.
It was a scroll of revelation.
Found a stone staircase leading up.
As you read the scroll labelled ZUROEK FYTREOM, it crumbles to dust.
The creatures around you are filled with an inner flame!
It was a scroll of immolation.
Ijyb completely misses you.
Ijyb zaps a wand.
The bolt of dispelling energy misses you.
Ijyb zaps a wand.
The bolt of dispelling energy hits you!
Ouch! That really hurt!
You die...

########.# #.)......# #.#####..#
***** ***
*#.#####..#####.,,***,**
***..#####........*,**,,,**
*,,.....##).#####.,,*,,,,,*
*,*####.##...#####,,,,,,,,,
*,*####.......####***,,,,,*
*,*####(##@..#####****,,,**
*,*####.##g.######*,,,,,,,,
*,*####<##).######*,***,***
*,,.....##..######*,* *,* *
*****.........######*,* *,***
*,,,,..#####...#####*,* *,,,*
*,***######.....####*,*****,*
*,*,*#####.$.....###*,,,,,,,,
*****,,,,####.........##**,,,**,*


You could see Ijyb (inner flame).

Vanquished Creatures
  A worm (D:3)
  A ball python (D:1)
  2 giant cockroaches (D:1)
  3 goblins
  3 hobgoblins
  5 kobolds
  A quokka (D:1)
  2 bats (D:1)
  2 frilled lizards
  2 rats
22 creatures vanquished.

Vanquished Creatures (collateral kills)
  A kobold (D:3)
  A bat (D:3)
2 creatures vanquished.

Vanquished Creatures (others)
  21 foxfires
21 creatures vanquished.

Grand Total: 45 creatures vanquished

Notes
Turn   | Place    | Note
-------+----------+-------------------------------------------
     0 | D:1      | subawu the Demonspawn Fire Elementalist began the quest for
                  | the Orb.
     0 | D:1      | Reached XP level 1. HP: 13/13 MP: 3/3
   327 | D:1      | Upgraded the game from 0.31-a0-609-g7bf6ffcfed to
                  | 0.31-a0-618-g7ca08c1ff9
   389 | D:1      | Gained mutation: A weak demonic guardian rushes to your
                  | aid. [demonic ancestry]
   389 | D:1      | Reached XP level 2. HP: 16/19 MP: 5/5
   723 | D:1      | Found Sebi's Book Shop.
  2244 | D:3      | You fall into a shaft and drop 2 floors!
  2244 | D:5      | Entered Level 5 of the Dungeon
  2274 | D:3      | Noticed Sigmund
  2375 | D:3      | Learned a level 2 spell: Scorch
  2522 | D:3      | Reached XP level 3. HP: 8/24 MP: 2/6
  2537 | D:3      | Identified the ring "Put-Me-On" {rPois Str+5 SInv}
  2539 | D:3      | Noticed Ijyb
  2547 | D:3      | Killed from afar by Ijyb

Illustrated notes

Levels and vault maps discovered:
D:1:      eino_arrival_druids_welcome, layout_loops_ring, serial_shops,
          nicolae_shop_stone
D:2:      layout_loops_ring, lemuel_flame_loot_1
D:3:      layout_loops_corners, ebering_ghost_disaster_area,
          serial_park_tiny_pond, uniq_ijyb, uniq_sigmund
D:4:      layout_rooms, gammafunk_ghost_stat_death, uniq_menkaure, uniq_robin,
          uniq_natasha
D:5:      layout_cave_pools, mainiacjoe_overflow_paths, uniq_prince_ribbit1

Skill      XL: |  1  2 |
---------------+-------+-----
Stealth        | 2 |  2.1
Dodging        | 2 |  2.1
Spellcasting   | |  2.3
Conjurations   | |  1.5
Fire Magic     | |  2.9

Action                     || total
---------------------------++-------
  Melee: Dagger            ||    96
         Punch             ||     3
         Spear             ||     9
   Cast: Foxfire           ||    16
    Use: Scroll            ||     5
   Stab: Sleeping          ||     2
 Armour: Robe              ||    29
         Scale mail        ||     4
  Dodge: Dodged            ||    82

Table legend: (Time is in decaauts)
 A = Elapsed time spent in this place.
 B = Non-inter-level travel time spent in this place.
 C = Inter-level travel time spent in this place.
 D = Time resting spent in this place.
 E = Time spent auto-exploring this place.
 F = Levels seen in this place.
 G = Mean time per level.
                   A        B        C        D        E       F      G
               +--------+--------+--------+--------+--------+-----+--------+
         Total |   2545 |   2112 |    433 |    254 |      0 |   5 |  509.0 |
       Dungeon |   2545 |   2112 |    433 |    254 |      0 |   5 |  509.0 |
               +--------+--------+--------+--------+--------+-----+--------+

Top non-repeatable levels by time:
     D:1: 1294 daAuts
     D:2: 792 daAuts
     D:3: 429 daAuts
     D:4: 23 daAuts
     D:5: 4 daAuts
